 Dungeon Crawl Stone Soup version 0.20.1-1-g8b1a95d (webtiles) character file.

8309 vatarom the Destroyer (level 11, -1/95 HPs)
             Began as a Yellow Draconian Wizard on Oct 15, 2017.
             Was a Believer of Vehumet.
             Slain by a three-headed hydra (8 damage)
             ... on level 9 of the Dungeon.
             The game lasted 00:31:07 (11461 turns).

vatarom the Destroyer (Yellow Draconian Wizard)    Turns: 11461, Time: 00:31:08

Health: -1/95      AC:  8    Str: 10    XL:     11   Next: 8%
Magic:  5/23       EV: 13    Int: 21    God:    Vehumet [**....]
Gold:   773        SH:  0    Dex: 10    Spells: 15/27 levels left

rFire    . . .     SeeInvis .   b - +2 short sword (drain)
rCold    . . .     Gourm    .   (no shield)
rNeg     . . .     Faith    .   (armour unavailable)
rPois    +         Spirit   .   l - +0 hat
rElec    +         Reflect  .   (no cloak)
rCorr    +         Harm     .   g - +0 pair of gloves
MR       .....                  (no boots)
Stlth    ++........             (no amulet)
Regen    0.3/turn               i - +1 ring of evasion
MPRegen  0.2/turn               A - ring of poison resistance

@: about to teleport, very slightly contaminated
A: spit acid, acid resistance, unfitting armour, screaming 1, electricity
resistance, cold-blooded, AC +7
a: Breathe Acid, Renounce Religion


You were on level 9 of the Dungeon.
You worshipped Vehumet.
Vehumet was pleased with you.
You were not hungry.

You visited 2 branches of the dungeon, and saw 10 of its levels.
You also visited: Ossuary.

You collected 773 gold pieces.

Inventory:

Hand Weapons
 a - a +1 hunting sling
 b - a +2 short sword of draining (weapon)
Missiles
 m - 48 sling bullets
 H - 38 stones (quivered)
Armour
 g - a +0 pair of gloves (worn)
 l - a +0 hat (worn)
Jewellery
 i - a +1 ring of evasion (left hand)
 r - an uncursed amulet of rage
 A - a ring of poison resistance (right hand)
Wands
 j - a wand of polymorph (3/24)
 u - a wand of random effects (29/48)
 v - a wand of confusion (16/48)
 B - a wand of flame (23/48)
 C - a wand of iceblast (0/15)
 G - a wand of disintegration (12/24)
Scrolls
 d - 5 scrolls of remove curse
 o - 2 scrolls of recharging
 q - a scroll of torment
 w - a scroll of enchant weapon
 x - 3 scrolls of fog
 y - a scroll of enchant armour
Potions
 e - a potion of brilliance
 f - a potion of agility
 h - 2 potions of curing
 n - a potion of flight
 z - a potion of berserk rage
Books
 c - a book of Minor Magic

   Spells                             Type                      Level
   a - Magic Dart                     Conjuration                  1
   b - Blink                          Translocation                2
   c - Call Imp                       Summoning                    2
   d - Slow                           Hexes                        2
   e - Conjure Flame                  Conjuration/Fire             3
   f - Mephitic Cloud                 Conjuration/Poison/Air       3
 F - a book of Clouds

   Spells                             Type                      Level
   a - Poisonous Vapours              Poison/Air                   2
   b - Mephitic Cloud                 Conjuration/Poison/Air       3
   c - Conjure Flame                  Conjuration/Fire             3
   d - Freezing Cloud                 Conjuration/Ice/Air          6
   e - Ring of Flames                 Charms/Fire                  7
Comestibles
 s - 6 bread rations
 D - 4 fruits


   Skills:
 + Level 8.8 Fighting
 - Level 1.4 Slings
 - Level 1.7 Dodging
 - Level 1.7 Stealth
 + Level 8.7 Spellcasting
 * Level 11.2 Conjurations
 - Level 1.0 Summonings
 - Level 1.0 Translocations
 - Level 9.4 Fire Magic
 * Level 4.0 Air Magic


You had 15 spell levels left.
You knew the following spells:

 Your Spells              Type           Power        Failure   Level  Hunger
a - Flame Tongue          Conj/Fire      #####        1%          1    None
b - Blink                 Tloc           N/A          8%          2    None
c - Call Imp              Summ           ##......     8%          2    None
d - Conjure Flame         Conj/Fire      ######..     1%          3    None
e - Mephitic Cloud        Conj/Pois/Air  ####....     2%          3    None
f - Magic Dart            Conj           ####         1%          1    None


Dungeon Overview and Level Annotations

Branches:
Dungeon (9/15)             Temple (1/1) D:6
   Lair: D:8-11         Orc: D:9-12

Altars:
Ashenzari
Cheibriados
Dithmenos
Elyvilon
Fedhas
Gozag
Hepliaklqana
Kikubaaqudgha
Makhleb
Nemelex Xobeh
Okawaru
Qazlal
Ru
Sif Muna
Trog
Uskayaw
Vehumet
Xom
Yredelemnul
Zin
The Shining One


Innate Abilities, Weirdness & Mutations

You can spit globs of acid.
You are resistant to acid.
Your golden yellow scales are hard. (AC +7)
You cannot fit into any form of body armour.
You are cold-blooded and may be slowed by cold attacks.
You occasionally shout uncontrollably at your foes.
You are resistant to electric shocks. (rElec)


Message History

Okay, then.
That item cannot be evoked!
Evoke which item? (* to show all) (? for menu, Esc to quit)
Aiming: Confuse (will waste charges)
Press: ? - help, Shift-Dir - straight line, f - three-headed hydra
Aim: a three-headed hydra (chance to defeat MR: 15%)
The three-headed hydra resists with almost no effort.
Evoking this partially-identified wand wasted a few charges.
The three-headed hydra bites you! x2
* * * LOW HITPOINT WARNING * * *
The three-headed hydra bites you.
* * * LOW HITPOINT WARNING * * *
Unknown command.
Okay, then.
As you read the scroll of teleportation, it crumbles to dust.
You feel strangely unstable. The three-headed hydra bites you!
* * * LOW HITPOINT WARNING * * *
The three-headed hydra bites you!
You die...

#################################
.......())(.....@D...............
........))...>.......######......
....######.))........# #.#####
....# #..)........# #.# ....#
#...........# #.# ....#
#...........# #.# ....#
#...........# #.# ....#
#........<..# #.# ....#
#...........# #.#


You could see a three-headed hydra.

Vanquished Creatures
  2 two-headed ogres (D:9)
  A manticore (D:9)
  The ghost of Feta the Changer, a novice MfTm (D:4)
  Grinder (D:6)
  4 hippogriffs
  A wyvern (D:9)
  A basilisk (D:9)
  Menkaure (D:7)
  3 orc warriors
  2 ice beasts
  3 sky beasts (D:9)
  2 black bears
  3 phantoms
  5 ogres
  3 centaurs
  5 big kobolds
  An elf zombie (Ossuary)
  3 bullfrogs (D:9)
  A wyvern zombie (D:9)
  A water moccasin zombie (D:7)
  2 scorpions (D:8)
  A wight (D:9)
  5 crimson imps
  5 orc priests
  A jelly (D:8)
  8 orc wizards
  6 hounds
  A centaur skeleton (D:6)
  3 human zombies (Ossuary)
  Ijyb (D:4)
  An iguana (D:9)
  A worker ant (D:9)
  4 mummies (Ossuary)
  5 gnolls
  8 adders
  3 shadow imps
  2 oozes
  An adder skeleton (D:5)
  A worm (D:2)
  A dart slug (D:2)
  2 leopard geckos
  9 orcs
  2 giant cockroaches (D:4)
  4 goblins
  6 hobgoblins
  2 jackals (D:5)
  27 kobolds
  3 quokkas
  10 bats
  3 frilled lizards
  A gnoll zombie (Ossuary)
  A goblin zombie (Ossuary)
  A hobgoblin zombie (Ossuary)
  A jackal skeleton (D:4)
  A kobold zombie (Ossuary)
  2 leopard gecko skeletons
  A quokka zombie (D:7)
  7 rats
  A rat zombie (Ossuary)
188 creatures vanquished.

Vanquished Creatures (collateral kills)
  2 orc wizards (D:3)
  2 worker ants
  5 gnolls
  3 orcs
  A gnoll zombie (Ossuary)
  A hobgoblin (D:2)
  4 kobolds (D:6)
  A kobold zombie (Ossuary)
  An orc zombie (Ossuary)
20 creatures vanquished.

Vanquished Creatures (others)
  6 plants
6 creatures vanquished.

Grand Total: 214 creatures vanquished

Notes
Turn   | Place    | Note
-------+----------+-------------------------------------------
     0 | D:1      | vatarom the Draconian Wizard began the quest for the Orb.
     0 | D:1      | Reached XP level 1. HP: 14/14 MP: 4/4
   324 | D:1      | Reached XP level 2. HP: 13/22 MP: 0/6
   588 | D:1      | Reached skill level 2 in Conjurations
   845 | D:2      | Reached XP level 3. HP: 21/27 MP: 1/7
   952 | D:2      | Reached skill level 1 in Fighting
  1135 | D:2      | Learned a level 2 spell: Blink
  1138 | D:2      | Learned a level 2 spell: Call Imp
  1142 | D:2      | Learned a level 3 spell: Conjure Flame
  1551 | D:2      | Reached skill level 3 in Conjurations
  1877 | D:2      | Reached XP level 4. HP: 35/35 MP: 0/9
  2011 | D:3      | Noticed a black bear
  2053 | D:3      | Killed a black bear
  2053 | D:3      | Reached XP level 5. HP: 41/41 MP: 2/10
  2650 | D:3      | Learned a level 3 spell: Mephitic Cloud
  2948 | D:4      | Reached skill level 4 in Conjurations
  3219 | D:4      | Reached XP level 6. HP: 41/50 MP: 6/12
  3469 | D:4      | Found a sand-covered staircase.
  3478 | Ossuary  | Entered an ossuary
  3634 | Ossuary  | Reached skill level 5 in Spellcasting
  3815 | Ossuary  | Your scales start taking on a golden yellow colour.
  3815 | Ossuary  | Reached XP level 7. HP: 56/57 MP: 1/14
  3873 | Ossuary  | Reached skill level 5 in Conjurations
  4089 | Ossuary  | Reached skill level 8 in Conjurations
  4089 | Ossuary  | Reached XP level 8. HP: 71/71 MP: 14/18
  4090 | Ossuary  | Reached skill level 10 in Conjurations
  4090 | Ossuary  | Reached XP level 9. HP: 79/79 MP: 14/20
  4374 | D:4      | Noticed Feta's ghost (novice MfTm)
  4423 | D:4      | Killed Feta's ghost
  4720 | D:4      | Noticed Ijyb
  4725 | D:4      | Killed Ijyb
  4845 | D:5      | Entered Level 5 of the Dungeon
  6055 | D:6      | Noticed Grinder
  6074 | D:6      | Killed Grinder
  6151 | D:6      | Found a glowing golden altar of the Shining One.
  6210 | D:6      | Found a deep blue altar of Sif Muna.
  6234 | D:6      | Found a staircase to the Ecumenical Temple.
  6293 | Temple   | Entered the Ecumenical Temple
  6344 | Temple   | Became a worshipper of Vehumet
  6845 | D:6      | Reached * piety under Vehumet
  6845 | D:6      | Offered knowledge of Sandblast by Vehumet.
  7273 | D:6      | Found a bloodstained altar of Trog.
  7286 | D:6      | Found an iron altar of Okawaru.
  7970 | D:7      | Found a stormy altar of Qazlal.
  8107 | D:7      | Noticed Menkaure
  8111 | D:7      | Killed Menkaure
  8111 | D:7      | Reached skill level 1 in Slings
  8454 | D:8      | Reached XP level 10. HP: 80/88 MP: 22/22
  8722 | D:8      | Reached skill level 1 in Air Magic
  9584 | D:9      | Noticed a two-headed ogre
  9600 | D:9      | Noticed a two-headed ogre
  9616 | D:9      | Killed a two-headed ogre
  9797 | D:9      | Noticed a hand axe
  9798 | D:9      | Noticed a hand axe
  9800 | D:9      | Found a hide-covered altar of Uskayaw.
  9890 | D:9      | Reached ** piety under Vehumet
 10050 | D:9      | Offered knowledge of Flame Tongue by Vehumet.
 10152 | D:9      | Learned a level 1 spell: Flame Tongue
 10184 | D:9      | Noticed a manticore
 10208 | D:9      | Killed a manticore
 10208 | D:9      | Reached skill level 11 in Conjurations
 10731 | D:9      | Killed a two-headed ogre
 10821 | D:9      | Reached XP level 11. HP: 90/95 MP: 21/23
 11373 | D:9      | Noticed a three-headed hydra
 11434 | D:9      | Gained mutation: You occasionally shout uncontrollably at your foes. [potion of mutation]
 11434 | D:9      | Gained mutation: You are resistant to electric shocks. (rElec) [potion of mutation]
 11461 | D:9      | Slain by a three-headed hydra

Skill      XL: |  1  2  3  4  5  6  7  8  9 10 11 |
---------------+----------------------------------+-----
Conjurations   | 2 3 4 8 10 11 | 11.2
Fighting       | 1 2 3 6 7 8 |  8.8
Spellcasting   | 4 5 7 8 |  8.7
Fire Magic     | 7 9 |  9.4
Slings         | 1 |  1.4
Air Magic      | 3 4 |  4.0
Dodging        | |  1.7
Stealth        | |  1.7
Summonings     | |  1.0
Translocations | |  1.0

Action                   |  1- 3 |  4- 6 |  7- 9 | 10-12 || total
-------------------------+-------+-------+-------+-------++-------
Melee: Unarmed           |     3 |       |       |       ||     3
       Club              |     1 |       |       |       ||     1
       Flail             |       |     7 |     1 |       ||     8
       Short sword       |       |       |     4 |     7 ||    11
       Hunting sling     |       |       |       |     1 ||     1
       Tailslap          |       |       |       |     1 ||     1
 Fire: Hunting sling     |    61 |    82 |   139 |   151 ||   433
 Cast: Magic Dart        |    60 |    47 |   148 |    65 ||   320
       Call Imp          |     2 |    20 |    10 |     2 ||    34
       Conjure Flame     |     1 |     7 |     8 |    12 ||    28
       Mephitic Cloud    |       |     4 |    10 |    22 ||    36
       Flame Tongue      |       |       |       |   132 ||   132
 Abil: Breathe Acid      |       |       |     5 |     8 ||    13
Evoke: Wand              |       |       |     1 |     9 ||    10
  Use: Scroll            |       |     5 |     9 |     7 ||    21
       Potion            |       |     5 |     2 |     3 ||    10
 Stab: Confused          |       |       |       |     2 ||     2
  Eat: Chunk             |     1 |     2 |     6 |       ||     9
       Bread ration      |     1 |     1 |     1 |       ||     3
       Fruit             |       |       |     4 |       ||     4
       Meat ration       |       |       |       |     2 ||     2
Armor: Skin              |    12 |    53 |    40 |    69 ||   174
Dodge: Dodged            |    27 |    71 |    68 |   103 ||   269
